 Dungeon Crawl Stone Soup version 0.22-a0-775-ga7d80019b5 (webtiles) character file.

408 Mirvelgyr the Cleaver (level 6, -10/51 HPs)
             Began as a Minotaur Berserker on July 18, 2018.
             Was a Priest of Trog.
             Mangled by Duvessa
             ... wielding a +0 rapier
              (15 damage)
             ... on level 4 of the Dungeon.
             The game lasted 00:03:33 (3228 turns).

Mirvelgyr the Cleaver (Minotaur Berserker)          Turns: 3228, Time: 00:03:34

Health: -10/51     AC:  6    Str: 23    XL:     6   Next: 57%
Magic:  5/5        EV: 10    Int:  4    God:    Trog [***...]
Gold:   155        SH:  0    Dex: 10    Spells: 5/5 levels left

rFire    . . .     SeeInvis .   a - +0 hand axe
rCold    . . .     Gourm    .   (no shield)
rNeg     . . .     Faith    .   n - +0 scale mail
rPois    .         Spirit   .   (helmet restricted)
rElec    .         Reflect  .   (no cloak)
rCorr    .         Harm     .   (no gloves)
MR       ++...                  (no boots)
Stlth    ..........             (no amulet)
HPRegen  1.17/turn              (no ring)
MPRegen  0.09/turn              (no ring)

@: regenerating
A: retaliatory headbutt, horns 2
a: Berserk, Trog's Hand, Renounce Religion


You were on level 4 of the Dungeon.
You worshipped Trog.
Trog was most pleased with you.
You were hungry.

You visited 1 branch of the dungeon, and saw 4 of its levels.

You collected 155 gold pieces.

Inventory:

Hand Weapons
 a - a +0 hand axe (weapon)
Armour
 n - a +0 scale mail (worn)
Wands
 l - a wand of random effects (14)
Scrolls
 d - a scroll of teleportation {unknown}
 e - 4 scrolls of identify {unknown}
 i - a scroll of immolation {unknown}
 j - a scroll of amnesia {unknown}
 m - a scroll of remove curse {unknown}
Potions
 b - a potion of haste {unknown}
 f - a potion of ambrosia {unknown}
 g - 4 potions of flight {unknown}
 h - a potion of lignification {unknown}
 k - a potion of magic {unknown}
 o - a potion of heal wounds {unknown}
 p - a potion of degeneration {unknown}
 q - a potion of brilliance {unknown}
Comestibles
 c - 6 rations


   Skills:
 - Level 3.6 Fighting
 + Level 9.0 Axes
 - Level 2.4 Armour
 - Level 2.1 Dodging


You had 5 spell levels left.
You didn't know any spells.
Your spell library was empty.

Dungeon Overview and Level Annotations

Branches:
Dungeon (4/15)
 Temple: D:4-7

Altars:
Dithmenos
Nemelex Xobeh
Yredelemnul

Annotations:
D:4 Duvessa


Innate Abilities, Weirdness & Mutations

You reflexively headbutt those who attack you in melee.
You have a pair of horns on your head.


Message History

Duvessa hits you with a rapier.
You hit Duvessa.
Duvessa is severely wounded.
Duvessa closely misses you.
You slash Duvessa!
Duvessa is almost dead.
Duvessa hits you with a rapier.
* * * LOW HITPOINT WARNING * * *
You barely miss Duvessa. Your headbutt misses Duvessa.
Duvessa is almost dead.
Duvessa hits you with a rapier!
* * * LOW HITPOINT WARNING * * *
You barely miss Duvessa. Your headbutt misses Duvessa.
Duvessa is almost dead.
You feel the effects of Trog's Hand fading.
Duvessa barely misses you.
You hit Duvessa.
Duvessa is almost dead.
Duvessa hits you with a rapier!
You die...

#..!......).......#
#.................#
#........#####.#......
########## #.#.####. )
#.#.# ... #...# ###
....##..###....
.............###
........@e.....#
........†)......
................
.........?..>...
..........!.....
#####...........
#.....##...# #######
####


You could see Duvessa (berserk).

Vanquished Creatures
  Dowan (D:4)
  A howler monkey (D:4)
  2 orc priests (D:3)
  2 orc wizards (D:3)
  4 gnolls
  6 adders
  3 worms
  3 dart slugs
  15 orcs (D:3)
  A ball python (D:3)
  7 bats
  4 giant cockroaches
  3 goblins
  12 hobgoblins
  4 jackals (D:3)
  9 kobolds
  A quokka (D:2)
  5 frilled lizards
  2 gnoll zombies (D:3)
  4 rats
89 creatures vanquished.

Notes
Turn   | Place    | Note
-------+----------+-------------------------------------------
     0 | D:1      | Mirvelgyr the Minotaur Berserker began the quest for the Orb.
     0 | D:1      | Reached XP level 1. HP: 19/19 MP: 0/0
    64 | D:1      | Reached skill level 4 in Axes
    64 | D:1      | Reached XP level 2. HP: 17/26 MP: 1/1
   622 | D:1      | Reached skill level 5 in Axes
   867 | D:2      | Reached XP level 3. HP: 25/31 MP: 2/2
   932 | D:2      | Reached ** piety under Trog
  1175 | D:2      | Found a shadowy altar of Dithmenos.
  1477 | D:2      | Reached skill level 6 in Axes
  1477 | D:2      | Reached XP level 4. HP: 35/39 MP: 3/3
  2062 | D:3      | Reached skill level 7 in Axes
  2062 | D:3      | Reached XP level 5. HP: 21/45 MP: 4/4
  2440 | D:3      | Found a faded altar of an unknown god.
  2464 | D:3      | Reached *** piety under Trog
  2558 | D:3      | Found a basalt altar of Yredelemnul.
  2666 | D:3      | Reached skill level 8 in Axes
  2687 | D:3      | Reached XP level 6. HP: 14/51 MP: 5/5
  3050 | D:3      | Found a sparkling altar of Nemelex Xobeh.
  3206 | D:4      | Noticed Duvessa
  3208 | D:4      | Noticed Dowan
  3221 | D:4      | Killed Dowan
  3221 | D:4      | Reached skill level 9 in Axes
  3228 | D:4      | Mangled by Duvessa

Vault maps used:
D:1:      erik_arrival_triangle_small, minmay_parallelograms
D:2:      lemuel_doored_altar, kennysheep_generic_room_15
D:3:      nemelex_altar_shiori, lemuel_zombie_altar_yredelemnul,
          chequers_ecumenical_altar_island, first_ration,
          corexii_hall_statues_i, grunt_decor_resistance
D:4:      nicolae_gozag_seed_capital, nicolae_ossuary_entry_false_entrances,
          uniq_duvessa

Skill      XL: |  1  2  3  4  5  6 |
---------------+-------------------+-----
Axes           | 4 5 6 7 8 9 |  9.0
Fighting       | |  3.6
Armour         | |  2.4
Dodging        | |  2.1

Action                   |  1- 3 |  4- 6 || total
-------------------------+-------+-------++-------
Melee: Hand axe          |    66 |   122 ||   188
       Headbutt          |     8 |    18 ||    26
Invok: Berserk           |       |     2 ||     2
       Trog's Hand       |       |     3 ||     3
 Stab: Sleeping          |     1 |       ||     1
  Eat: Chunk             |     2 |     4 ||     6
       Ration            |       |     1 ||     1
Armor: Animal skin       |    12 |    14 ||    26
       Scale mail        |       |    14 ||    14
Dodge: Dodged            |    44 |    78 ||   122

Table legend:
 A = Spawn XP
 B = Non-spawn XP
 C = Spawn XP percentage of total XP
 D = Spawn monster count
 E = Non-spawn monster count
 F = Spawn count percentage of total count
 G = Total turns spent on level
                    A         B        C        D         E        F      G
               +---------+---------+-------+---------+---------+-------+---------
         Total |       0 |     583 |   0.0 |       0 |      89 |   0.0 |  3228
               +---------+---------+-------+---------+---------+-------+---------
           D:1 |       0 |      40 |   0.0 |       0 |      15 |   0.0 |   863
           D:2 |       0 |      71 |   0.0 |       0 |      25 |   0.0 |  1345
           D:3 |       0 |     307 |   0.0 |       0 |      44 |   0.0 |   972
           D:4 |       0 |     165 |   0.0 |       0 |       5 |   0.0 |    48
               +---------+---------+-------+---------+---------+-------+---------
